 Dungeon Crawl Stone Soup version 0.30-a0-824-g6c64550be9 (webtiles) character file.

Game seed: 17791103258190599949

189 jimonade the Trooper (level 5, 0/54 HPs)
             Began as an Ogre Warper on Feb 26, 2023.
             Slain by an orc wizard
             ... wielding a +0 dagger
              (4 damage)
             ... on level 7 of the Dungeon on Feb 27, 2023.
             The game lasted 00:11:07 (3556 turns).

jimonade the Trooper (Ogre Warper)                  Turns: 3556, Time: 00:11:08

Health: 0/54       AC:  4    Str: 15    XL:     5   Next: 68%
Magic:  4/9        EV: 10    Int: 14    God:
Gold:   173        SH:  0    Dex: 10    Spells: 3/10 levels left

rFire   . . .      SeeInvis .    a - +0 mace
rCold   . . .      Faith    .    (no shield)
rNeg    . . .      Spirit   .    b - +1 robe
rPois   .          Reflect  .    (helmet restricted)
rElec   .          Harm     .    (no cloak)
rCorr   .          Rampage  .    (gloves unavailable)
Will    +....                    (boots unavailable)
Stlth   ++                       (no amulet)
HPRegen 0.29/turn                q - ring of wizardry
MPRegen 0.11/turn                r - ring of willpower

@: no status effects
A: large, unfitting armour, tough skin 1
a: no special abilities


You were on level 7 of the Dungeon.
You visited 1 branch of the dungeon, and saw 6 of its levels.

You collected 173 gold pieces.

Inventory:

Hand Weapons
 a - a +0 mace (weapon)
 t - a +0 whip
Missiles
 d - 7 boomerangs of dispersal (quivered)
 e - 3 poisoned darts
 i - a throwing net
 k - 2 javelins
 m - 24 stones
 v - a boomerang
Armour
 b - a +1 robe (worn)
Jewellery
 q - a ring of wizardry (left hand)
 r - a ring of willpower (right hand)
Wands
 s - a wand of quicksilver (13)
 u - a wand of charming (6)
Scrolls
 c - a scroll of blinking
 f - a scroll of identify
 g - a scroll of poison {unknown}
 h - a scroll of amnesia {unknown}
 j - a scroll of immolation {unknown}
 l - a scroll of enchant armour
 n - a scroll of teleportation
Potions
 p - 4 potions of curing
 w - a potion of attraction {unknown}
 x - a potion of cancellation {unknown}


   Skills:
 + Level 3.7 Fighting
 + Level 2.9 Maces & Flails
 + Level 1.0 Throwing
 + Level 2.8 Dodging
 + Level 1.4 Stealth
 * Level 3.2 Spellcasting
 * Level 3.3 Translocations


You had 3 spell levels left.
You knew the following spells:

 Your Spells              Type           Power      Damage    Failure   Level
a - Blink                 Tloc           22%        N/A       3%          2
b - Lesser Beckoning      Tloc           22%        N/A       3%          2
c - Teleport Other        Tloc           11%        N/A       6%          3

Your spell library contained the following spells:

 Spells                   Type           Power      Damage    Failure   Level
 Apportation              Tloc           22%        N/A       2%          1
 Gell's Gravitas          Tloc           11%        N/A       6%          3
 Vhi's Electric Charge    Tloc/Air       12%        N/A       13%         3
 Manifold Assault         Tloc           11%        N/A       21%         4
 Alistair's Intoxication  Tmut/Pois      1%         N/A       90%         5
 Dispersal                Tloc           5%         N/A       96%         6


Dungeon Overview and Level Annotations

Branches:
Dungeon (7/15)
 Temple: D:4-7

Altars:
Gozag

Annotations:
D:1 exclusion: downstairs
D:2 Sigmund


Innate Abilities, Weirdness & Mutations

You are too large for most types of armour.
You have tough skin. (AC +1)


Message History

The hound closely misses you. The hound bites you.
You hit the orc wizard but do no damage.
The hound barely misses you.
The orc wizard points at you and mumbles some strange words.
The magic dart hits you. The hound bites you.
The orc wizard casts a spell at you. The magic dart hits you!
The orc wizard casts a spell.
The orc wizard flickers and vanishes!
Deactivating autopickup; reactivate with Ctrl-A.
A wight comes into view. It is wielding a +0 great sword.
You hear a shout!
You barely miss the orc wizard. The hound closely misses you. x2
The orc wizard barely misses you.
The orc priest looks braver for a moment.
You completely miss the orc wizard. The hound bites you.
The orc wizard hits you but does no damage.
The hound bites you.
You hit the orc wizard.
The orc wizard is lightly wounded.
The hound misses you.
The orc wizard gestures wildly while chanting.
The orc wizard flickers and vanishes!
The hound bites you.
You miss something. Your punch misses something. The hound barely misses you.
Something hits you. The hound closely misses you. Something hits you.
* * * LOW HITPOINT WARNING * * *
You barely miss something. The hound completely misses you. Something hits you.
* * * LOW HITPOINT WARNING * * *
The orc priest calls down the wrath of Beogh upon you.
The hound bites you but does no damage.
You barely miss something. The hound barely misses you.
You hear some strange, mumbled words.
A puff of flame appears from out of thin air!
The puff of flame hits you!
* * * LOW HITPOINT WARNING * * *
The hound bites you but does no damage.
You hit something. The hound barely misses you. Something hits you.
* * * LOW HITPOINT WARNING * * *
Something hits you.
You die...

. ##.
#.######..
#......#z#
##......#z#
#.......#.#
##.......#h#
#........#@#
#......#{#
#...<...o##
.....#####.$.#
... ##..# .
...# .#.# #.
.# #. .#


You could see a hound, 2 wights and an orc priest.

Vanquished Creatures
  A scorpion (D:4)
  An orc priest (D:4)
  An orc wizard (D:4)
  2 adders
  A white imp (D:7)
  A worm (D:2)
  7 orcs
  4 bats
  An endoplasm (D:3)
  2 giant cockroaches (D:2)
  A goblin (D:2)
  4 hobgoblins
  2 jackals (D:2)
  4 kobolds
  A quokka (D:1)
  5 ball pythons
  5 frilled lizards
  5 rats
48 creatures vanquished.

Notes
Turn   | Place    | Note
-------+----------+-------------------------------------------
     0 | D:1      | jimonade the Ogre Warper began the quest for the Orb.
     0 | D:1      | Reached XP level 1. HP: 22/22 MP: 3/3
   172 | D:1      | Reached XP level 2. HP: 23/29 MP: 5/5
   840 | D:2      | Reached skill level 1 in Stealth
   840 | D:2      | Reached XP level 3. HP: 14/35 MP: 6/6
  1011 | D:2      | Noticed Sigmund
  1193 | D:2      | Learned a level 2 spell: Blink
  1530 | D:2      | Learned a level 2 spell: Lesser Beckoning
  1534 | D:2      | Learned a level 3 spell: Teleport Other
  2026 | D:3      | Reached XP level 4. HP: 45/45 MP: 8/8
  2651 | D:3      | Found an opulent altar of Gozag.
  2996 | D:3      | Upgraded the game from 0.30-a0-808-g6e0788376e to
                  | 0.30-a0-824-g6c64550be9
  3090 | D:4      | Noticed a scorpion
  3113 | D:4      | Killed a scorpion
  3114 | D:4      | Reached XP level 5. HP: 21/54 MP: 9/9
  3501 | D:4      | You fall into a shaft and drop 2 floors!
  3504 | D:6      | Noticed an ogre
  3532 | D:6      | Noticed a kobold brigand
  3556 | D:7      | Slain by an orc wizard

Illustrated notes

Levels and vault maps discovered:
D:1:      mrwooster_arrival_arrow, layout_loops_ring
D:2:      wander_river, layout_basic, hangedman_feature_mirror, uniq_sigmund
D:3:      layout_basic, marbit_many_paths
D:4:      layout_basic, uniq_natasha, uniq_duvessa
D:6:      minmay_chambers_of_threes, layout_loops_ring, temple_garden,
          kennysheep_small_square
D:7:      layout_rooms, enter_bailey_4, interstate_on_off,
          corexii_hall_statues_i, uniq_maggie

Skill      XL: |  1  2  3  4 |
---------------+-------------+-----
Fighting       | 3 |  3.7
Translocations | 3 |  3.3
Stealth        | 1 |  1.4
Maces & Flails | 2 |  2.9
Spellcasting   | 3 |  3.2
Throwing       | |  1.0
Dodging        | |  2.8

Action                     |  1- 3 |  4- 6 || total
---------------------------+-------+-------++-------
  Melee: Mace              |   141 |    91 ||   232
         Punch             |     3 |       ||     3
   Cast: Teleport Other    |       |     3 ||     3
         Lesser Beckoning  |       |     2 ||     2
    Use: Scroll            |       |     5 ||     5
         Potion            |       |     1 ||     1
   Stab: Sleeping          |     4 |     1 ||     5
 Armour: Robe              |    55 |    21 ||    76
  Dodge: Dodged            |    89 |    58 ||   147

Table legend: (Time is in decaauts)
 A = Elapsed time spent in this place.
 B = Non-inter-level travel time spent in this place.
 C = Inter-level travel time spent in this place.
 D = Time resting spent in this place.
 E = Time spent auto-exploring this place.
 F = Levels seen in this place.
 G = Mean time per level.
                   A        B        C        D        E       F      G
               +--------+--------+--------+--------+--------+-----+--------+
         Total |   3624 |   3486 |    138 |    784 |   1007 |   6 |  604.0 |
       Dungeon |   3624 |   3486 |    138 |    784 |   1007 |   6 |  604.0 |
               +--------+--------+--------+--------+--------+-----+--------+

Top non-repeatable levels by time:
     D:2: 963 daAuts
     D:3: 904 daAuts
     D:4: 894 daAuts
     D:1: 801 daAuts
     D:6: 38 daAuts
     D:7: 21 daAuts
